Cogmind - Beta 16.1 @@@ ROGUE MODE // 2026.04.07 @ 10:18:02 Player: Tereza Result: Destroyed by Y-45 Defender with Beam Rifle Performance ------------- Evolutions (0) 0 Regions Visited (2) 400 Robots Destroyed (20) 100 Value Destroyed (489) 489 Prototype IDs (0) 0 Alien Tech Used (0) 0 Bonus (0) 0 TOTAL SCORE: 989 Bonus ------- None Cogmind --------- Core Integrity 0/250 Matter 222/300 Energy 78/100 System Corruption 1% Temperature Cool (18) Movement Treading (320) Ox2 Location -10/Mines Parts ------- > --- POWER (1) -------- (None) > --- PROPULSION (2) --- Light Treads > --- UTILITY (2) ------ High-capacity Storage Unit Sensor Array > --- WEAPON (2) ------- Light Assault Rifle > --- INVENTORY (20) --- Ion Engine Ion Engine Small Storage Unit Medium Storage Unit Visual Processing Unit EM Pulse Gun Medium Laser Assault Rifle Peak State ------------ > --- POWER ------------ Light Ion Engine > --- PROPULSION ------- Light Treads Light Treads > --- UTILITY ---------- Medium Storage Unit Sensor Array > --- WEAPON ----------- Assault Rifle Assault Rifle > --- INVENTORY -------- Ion Engine Ion Engine Light Treads Compact Wheel Small Storage Unit High-capacity Storage Unit Visual Processing Unit EM Pulse Gun Medium Laser Grenade Launcher [Rating: 8] Favorites ----------- Power Light Ion Engine Engine Light Ion Engine Propulsion Light Treads Treads Light Treads Wheel Compact Wheel Utility Medium Storage Unit Device Sensor Array Storage Medium Storage Unit Weapon Assault Rifle Energy Gun Medium Laser Ballistic Gun Assault Rifle Launcher Grenade Launcher Build | -11 -10 -10 ------- Run | Yrd Mat Min Slots Evolved . | . . . Power . | . . . Propulsion . | . . . Utility . | . . . Weapon . | . . . Parts Attached 17 | 7 6 4 Power 1 | 1 . . Engine 1 | 1 . . Core . | . . . Reactor . | . . . Propulsion 4 | 2 . 2 Treads 3 | 2 . 1 Leg . | . . . Wheel 1 | . . 1 Hover . | . . . Flight . | . . . Utility 5 | 2 3 . Device 2 | 1 1 . Storage 3 | 1 2 . Processor . | . . . Hackware . | . . . Protection . | . . . Artifact . | . . . Weapon 7 | 2 3 2 Energy Gun 1 | 1 . . Energy Cannon . | . . . Ballistic Gun 5 | 1 2 2 Ballistic Cannon . | . . . Launcher 1 | . 1 . Special Weapon . | . . . Impact Weapon . | . . . Slashing Weapon . | . . . Piercing Weapon . | . . . Special Melee Weapon . | . . . Unidentified Prototypes . | . . . Parts Lost 8 | . 2 6 Power 1 | . . 1 Propulsion 2 | . . 2 Utility 1 | . 1 . Weapon 4 | . 1 3 Highest Loss Streak 6 | . 1 6 To Critical Strikes . | . . . Average Backups 7 | 2 8 11 Power 1 | 1 2 2 Propulsion 1 | . 1 1 Utility 1 | . 1 3 Weapon 2 | . 2 4 Tool/Special . | . . . Unused Backups 4 | . . 4 Power 2 | . . 2 Propulsion . | . . . Utility 1 | . . 1 Weapon 1 | . . 1 Tool/Special . | . . . Average Slot Usage (%) 98 | . 99 87 Engine 13 | . 14 10 Treads 27 | . 27 22 Device 13 | . 13 14 Storage 14 | . 14 14 Energy Gun 5 | . 5 . Ballistic Gun 22 | . 22 20 Peak Build Rating 8 | 7 8 8 Average Rating 7 | 4 7 7 On Entrance 5 | . 7 8 Avg Prop Armor Cover (%) 25 | . . 25 Naked Turns . | . . . Heaviest Build 49 | 13 48 49 Greatest Support 40 | 40 40 40 Greatest Overweight (x) 3 | . 1 3 Average Overweight (x) . | . . 1 Largest Inventory Capacity 20 | 8 20 20 Average Capacity 10 | 7 10 20 Most Carried 12 | 5 12 12 Average Carried 7 | 3 8 11 Final Capacity 20 | 8 20 20 Final Carried 12 | 4 12 8 Class Distribution -------------------- 100% | Mutant Dominant Class ---------------- Mutant | -10/Materials Mutant | -10/Mines Resources | -11 -10 -10 ----------- Run | Yrd Mat Min Matter Collected 694 | 285 409 . Remotely . | . . . Salvage Created 597 | 113 480 4 Parts 33 | 7 26 . Haulers Intercepted 1 | . 1 . Recyclers Shooed 2 | 1 1 . Parts Field Recycled . | . . . Retrieved Matter . | . . . Parts Self-Destructed . | . . . Prevented . | . . . Parts Restored . | . . . Kills | -11 -10 -10 ------- Run | Yrd Mat Min Combat Hostiles Destroyed 19 | . 12 7 Guns 8 | . 8 . AOE 11 | . 4 7 Classes Destroyed 9 | 2 6 1 Worker 1 | . 1 . Tunneler 2 | 2 . . Hauler 1 | . 1 . Recycler 1 | 1 . . Operator 1 | . 1 . Watcher 2 | . 2 . Swarmer 3 | . 3 . Grunt 9 | . 9 . Assembled 7 | . . 7 Best Kill Streak 7 | 3 3 7 Combat Bots Only 7 | . 3 7 Max Kills in Single Turn 5 | 1 2 5 Gunslinging . | . . . Exploded 5 | . 2 5 Melee . | . . . Uniques/NPCs Destroyed . | . . . Combat | -11 -10 -10 -------- Run | Yrd Mat Min Hostile Shots Fired 87 | . 53 34 Missed 28 | . 18 10 Hits 59 | . 35 24 Melee 1 | . . 1 Projectile 58 | . 35 23 AOE 8 | . . 8 Critical Strikes 5 | . 2 3 Damage Taken 1099 | . 432 667 Core 263 | . 96 167 Absorbed by Shields . | . . . Regen/Repaired (Parts) 89 | . 89 . Core Remaining (%) 100 | 100 . . Volleys Fired 63 | 5 50 8 Largest 2 | 2 2 2 Hottest 70 | 70 70 50 Shots Fired 123 | 10 99 14 Gun 114 | 10 94 10 Cannon . | . . . Launcher 9 | . 5 4 Special . | . . . Kinetic 86 | 5 71 10 Thermal 28 | 5 23 . Explosive 9 | . 5 4 Electromagnetic . | . . . Robot Hit Streak 8 | 8 8 5 Robot Miss Streak 6 | . 6 1 Penetration Max . | . . . Secondary Targets . | . . . Shots Hit Robots 69 | 8 51 10 Core Hits 49 | 4 29 16 Critical Kills . | . . . Critical Parts Destroyed . | . . . Critical Strikes 5 | 2 3 . Burn 5 | 2 3 . Melee Attacks . | . . . Impact . | . . . Slashing . | . . . Piercing . | . . . Sneak Attacks . | . . . Combat Hostiles . | . . . Follow-up Attacks . | . . . Damage Inflicted 1627 | 102 1028 497 Guns 823 | 102 647 74 Cannons . | . . . Explosions 804 | . 381 423 Melee . | . . . Ramming . | . . . Kinetic 634 | 64 496 74 Thermal 189 | 38 151 . Explosive 804 | . 381 423 Electromagnetic . | . . . Impact . | . . . Slashing . | . . . Piercing . | . . . Highest Corruption 1 | . 1 1 Average Corruption 1 | . 1 1 Corruption Purged . | . . . Corruption Blocked . | . . . Effects 13 | . 13 . Message Errors 4 | . 4 . Matter Fused 3 | . 3 . Heat Flow Errors 1 | . 1 . Energy Discharges 3 | . 3 . Data Loss (major) 2 | . 2 . Overload Shots . | . . . Overflow Damage 53 | . 1 52 Projectiles . | . . . Explosions 53 | . 1 52 Melee . | . . . Knockbacks . | . . . Impact . | . . . Kinetic . | . . . Secondary . | . . . Self-Inflicted Damage 57 | . 1 56 Shots 3 | . 1 2 Rammed . | . . . Targets Rammed . | . . . Kicked . | . . . Crushed . | . . . Highest Temperature 112 | . 112 16 Average Temperature 32 | . 34 6 Received Heat Transfer 344 | . 234 110 Siege Activations . | . . . Martial Activations . | . . . Shielding Activations . | . . . Robots Disrupted . | . . . Combat Hostiles . | . . . Robots Corrupted . | . . . Combat Hostiles . | . . . Parts Fried . | . . . Impact Corruptions . | . . . Robots Melted . | . . . Combat Hostiles . | . . . Parts Melted 1 | . 1 . Heat Transferred 925 | 259 666 . Parts Sabotaged . | . . . Parts Stolen . | . . . Parts Stripped . | . . . Power Chain Reactions . | . . . Alert | -11 -10 -10 ------- Run | Yrd Mat Min Maximum Alert Level . | . . . Low Security (%) 100 | 100 100 100 Level 1 . | . . . Level 2 . | . . . Level 3 . | . . . Level 4 . | . . . Level 5 . | . . . High Security . | . . . Max Security . | . . . Peak Influence 146 | 15 146 37 Initial 27 | . 3 27 Average 44 | 2 48 18 Influence Increases 497 | 15 462 20 Destroy 0b10 Robot/C 240 | . 240 . Destroy 0b10 Robot/NC 40 | 15 25 . Destroy Leader 66 | . 66 . Successful Hack 29 | . 29 . Disable Machine 45 | . 45 . Destroy Structure 62 | . 42 20 Lose Combat Pursuer 15 | . 15 . Influence Decreases 497 | 10 395 92 Entered New Map 47 | . 2 45 Time Decay 403 | 10 373 20 Lost Part 47 | . 20 27 Squads Dispatched 1 | . 1 . Investigation 1 | . 1 . Extermination . | . . . Reinforcement . | . . . Assault . | . . . Garrison . | . . . Intercept . | . . . Searches Triggered . | . . . Construction Impeded . | . . . Haulers Reinforced . | . . . Active Scanning Responses . | . . . Cargo Convoy Interrupts . | . . . Stealth | -11 -10 -10 --------- Run | Yrd Mat Min Distress Signals 1 | . 1 . Communications Jammed . | . . . Distress Signals . | . . . Times Spotted 50 | . 28 22 Peak Tracking Total 16 | . 5 16 Tactical Retreats 1 | . 1 . Traps | -11 -10 -10 ------- Run | Yrd Mat Min Traps Triggered 1 | . 1 . Indirectly . | . . . Trap Hack Attempts . | . . . Triggered . | . . . Disarmed . | . . . Reprogrammed 3 | . 3 . Reused . | . . . Traps Extracted . | . . . Installed . | . . . Triggered . | . . . Machines | -11 -10 -10 ---------- Run | Yrd Mat Min Machines Disabled 3 | . 3 . Max in Single Turn 2 | . 2 . Machines Repaired . | . . . Machines Dismantled . | . . . Machines Sabotaged . | . . . Overloaded Fab Kills . | . . . Hacking | -11 -10 -10 --------- Run | Yrd Mat Min Machines Accessed 7 | . 7 . Terminals 6 | . 6 . Fabricators . | . . . Repair Stations 1 | . 1 . Recycling Units . | . . . Scanalyzers . | . . . Garrison Access . | . . . Total Hacks 27 | . 27 . Successful 12 | . 12 . Failed 15 | . 15 . Catastrophic . | . . . Database Lockouts . | . . . Manual 20 | . 20 . Terminals 25 | . 25 . Fabricators . | . . . Repair Stations 2 | . 2 . Recycling Units . | . . . Scanalyzers . | . . . Garrison Access . | . . . Terminal Hacks 5 | . 5 . Robot Analysis 2 | . 2 . Alert Level 1 | . 1 . Reprogram Traps 1 | . 1 . Zone Layout 1 | . 1 . Fabricator Hacks . | . . . Repair Station Hacks 2 | . 2 . Scan Component 1 | . 1 . Repair 1 | . 1 . Recycling Unit Hacks . | . . . Scanalyzer . | . . . Garrison Access Hacks . | . . . Unauthorized Hacks 5 | . 5 . Terminals 5 | . 5 . Botnet 4 | . 4 . Operators 1 | . 1 . Fabricators . | . . . Repair Stations . | . . . Recycling Units . | . . . Scanalyzers . | . . . Garrison Access . | . . . Data Cores Recovered 1 | . 1 . Used . | . . . Hacking Detections 5 | . 5 . Full Trace Events 1 | . 1 . Feedback Events . | . . . Feedback Blocked . | . . . Robot Schematics Acquired . | . . . Robots Built . | . . . Authchips . | . . . Time . | . . . Total Robot Build Rating . | . . . Part Schematics Acquired . | . . . Parts Built . | . . . Authchips . | . . . Time . | . . . Total Part Build Rating . | . . . Part Studies Acquired . | . . . Parts Repaired 1 | . 1 . Time 26 | . 26 . Parts Recycled . | . . . Recycled Matter . | . . . Retrieved Matter . | . . . Retrieved Components . | . . . Parts Scanalyzed . | . . . Part Schematics Acquired . | . . . Parts Damaged . | . . . Bothacking | -11 -10 -10 ------------ Run | Yrd Mat Min Used RIF Installer . | . . . Robots Hacked . | . . . Non-combat . | . . . Combat . | . . . Robot Hacks Applied . | . . . Relay Couplers Released . | . . . Fabnet Peak Effective % . | . . . Robots Rewired . | . . . Allies Hacked . | . . . Hacks Repelled . | . . . Allies | -11 -10 -10 -------- Run | Yrd Mat Min Total Allies . | . . . Largest Group . | . . . Highest-Rated Group . | . . . Highest-Rated Ally . | . . . Total Orders . | . . . Ally Attacks . | . . . Total Damage . | . . . Kills . | . . . Allies Corrupted . | . . . Allies Melted . | . . . Intel | -11 -10 -10 ------- Run | Yrd Mat Min Active Infowar (turns) 1702 | 15 1630 57 Sensors 1163 | . 1106 57 Seismic 539 | 15 524 . Robot Analysis Total 2 | . 2 . Derelict Logs Recovered . | . . . Drone Launches . | . . . Drone Recoveries . | . . . Exploration | -11 -10 -10 ------------- Run | Yrd Mat Min Turns Passed 1804 | 94 1653 57 Spaces Moved 856 | 42 805 9 Core 2 | 2 . . Treads 849 | 40 805 4 Legs . | . . . Wheels 5 | . . 5 Hover . | . . . Flight . | . . . Fastest Speed 50 | 50 160 130 Average Speed 162 | 154 163 180 Slowest Speed 240 | 160 240 240 Overloaded Moves . | . . . Propulsion Burnouts . | . . . Robots Hopped . | . . . Potential Cave-ins . | . . . Cave-ins Triggered . | . . . Exploration Rate (%) 36 | 5 94 9 Regions Visited 2 Branch Regions 1 Pre-discovered Areas . | . . . Known Exits Taken . | . . . Unknown Exits Taken 2 | 1 1 . Scrap Searched . | . . . Spaces Dug . | . . . Terrain Destroyed 61 | . 37 24 Melee . | . . . Projectile . | . . . AOE 61 | . 37 24 Terrain Rammed . | . . . Walls Destroyed . | . . . Machines Disabled . | . . . Actions | -11 -10 -10 --------- Run | Yrd Mat Min Total 1136 | 59 1040 37 Wait 181 | . 166 15 Move 854 | 41 804 9 Hop . | . . . Pick Up 13 | 6 7 . Fast Attach 7 | 5 2 . Attach 7 | 2 1 4 Detach . | . . . Swap 11 | . 10 1 Drop . | . . . Fire 63 | 5 50 8 Melee . | . . . Ram . | . . . Kick . | . . . Crush . | . . . Escape Stasis . | . . . Rewire . | . . . Trap . | . . . Miscellaneous . | . . . Route ------- -11/Scrapyard -10/Materials (discovered 4 exits: [*Mat x3] / [*Min]) -10/Mines History --------- Turn | Location | Event 45 | -11/Scrapyard | Discovered new exit (range 15) 95 | -11/Scrapyard | Entered Materials 316 | -10/Materials | Build established: Mutant 774 | -10/Materials | Discovered new exit (range 16) 1034 | -10/Materials | Discovered new exit (range 16) 1134 | -10/Materials | Discovered new exit (range 15) 1295 | -10/Materials | Derelicts attacked the area 1358 | -10/Materials | Discovered new exit (range 15) 1400 | -10/Materials | Repaired Lgt. Treads 1748 | -10/Materials | Entered Mines 1749 | -10/Mines | Assembled infested the area 1784 | -10/Mines | Core integrity fell below 50% 1792 | -10/Mines | Joined a pair of Derelicts in attacking an 0b10 outpost 1800 | -10/Mines | Core integrity fell below 20% 1805 | -10/Mines | Destroyed 7 combat bots 1805 | -10/Mines | Destroyed by Y-45 Defender with Beam Rifle Last Messages --------------- 01788_ Critical hit (Burn: +37). 01788_ Assault Rifle destroyed. 01789_ as-73134 destroyed. 01789_ as-66314 destroyed. 01790_ Critical hit (Burn: +37). 01790_ Machine disabled. 01792_ A derelict emerges from the shadows: "We've had our eye on this brand new outpost for a little while, just waiting for an opportunity to strike. Need some help?" 01792_ Grenade Launcher destroyed. 01794_ D-53 Grenadier destroyed. 01794_ 1T-TBB(g) destroyed. 01794_ Com. Wheel destroyed. 01796_ I8-UEX(g) suffers critical hit (Burn). 01797_ Lgt. Treads destroyed. 01797_ I8-UEX(g) suffers critical hit (Burn). 01797_ I8-UEX(g) destroyed. 01799_ Lgt. Assault Rifle destroyed. 01803_ The unstable cave ceiling collapses. Map ----- +----------------------------------------------------+ | ?????????????????????????????????????????????????? | | ?????????????????????????????????????????????????? | | ?????????????????????????????????????????????????? | | ?????????????????????????????????????????????????? | | ?????????????????????????????????????????????????? | | ?????????????????????????????????????????????????? | | ?????????????????????????????????????????????????? | | ?????????????????????????????????????????????????? | | ?????????????????????????????????????????????????? | | ?????????????????????????????????????????????????? | | ?????????????????????????????????????????????????? | | ?????????????????????????????????????????????????? | | ?????????????????????????????????????????????????? | | ?????????????????????????????????????????????????? | | ?????????????????????????????????????????????????? | | ?????????????????????????????????????????????????? | | ???????????????????????????####??????????????????? | | ???????????????????????????# ###????????????????? | | ?????????????????????####### #????????????????? | | ????????????????????##" ##???????????????? | | ????????????????????#!! !! = ##??????????????? | | ????????????????????#![ Y ##?????????????? | | ????????????????????# #?????????????? | | ????????????????????# Y #?????????????? | | ?????????????????#### #?????????????? | | ??????????????# @ #?????????????? | | ??????????????# ##?????????????? | | ??????????? #### #?????????????? | | ????????????#???????## !% #????????????? | | ?????????????????????## # d #???????????? | | ??????????????????????#### r ??????????? | | ?????????????????????????? ?????????? | | ?????????????????????????? ? ##?????????? | | ?????????????????????????? ? # # #??????????? | | ?????????????????????????? ? ###$ ??????????? | | ?????????????????????????? ? #??????????????? | | ????????????????????????????## ###??????????????? | | ??????????????????????????????###????????????????? | | ?????????????????????????????????????????????????? | | ?????????????????????????????????????????????????? | | ?????????????????????????????????????????????????? | | ?????????????????????????????????????????????????? | | ?????????????????????????????????????????????????? | | ?????????????????????????????????????????????????? | | ?????????????????????????????????????????????????? | | ?????????????????????????????????????????????????? | | ?????????????????????????????????????????????????? | | ?????????????????????????????????????????????????? | | ?????????????????????????????????????????????????? | | ?????????????????????????????????????????????????? | +----------------------------------------------------+ Best States ------------- Heat Dissipation 25 Energy Generation 10 Energy Capacity 125 Matter Stores 300 Matter Capacity 300 Sight Range 16 Robot Scan Range 14 Terrain Scan Density 10 Evasion (%) 40 Recoil Reduction 2 Item Schematics ----------------- None Robot Schematics ------------------ None Fabricated ------------ Nothing Repaired ---------- Lgt. Treads | 36% | -10/Materials Studied --------- None Alien Tech Used ----------------- None Achievements -------------- None Challenges ------------ None Game ------ Seed CarbideBackupCloak Manual? 0 Play Time 00:09:42 Cumulative 225.1 hours Start 2026.04.07 @ 10:09:25 End 2026.04.07 @ 10:18:02 Sessions 1 Manual Loads 0 Difficulty Rogue Special Mode None Game No. 280 Rogue 280 Adventurer 0 Explorer 0 Win Type - Total 3 Types 3/0/0/0/0/0/0/0/0/0 Lore% 75 Gallery% 55 Achievement% 43 Wizard Run 0 Options --------- Layout 1 ASCII 0 Keyboard 1 Movement Numpad Keybinds 0 Fullscreen 2 Font 24/Smallcaps Map View 50x35 Zoom Use 0% Tactical HUD 1 Map Filters NONE Filters NONE Steam 1 RUN: c257d2c3-d926-46ad-8bd6-91ee0a94bcaf